 Dungeon Crawl Stone Soup version 0.29.1-15-g9cfb28693d (webtiles) character file.

Game seed: 8350715392499314663

140 leetdood the Covered (level 5, -1/70 HPs)
             Began as a Minotaur Fighter on Mar 12, 2023.
             Succumbed to an orc wizard's poison
             ... on level 3 of the Dungeon.
             The game lasted 00:09:27 (2418 turns).

leetdood the Covered (Minotaur Fighter)             Turns: 2418, Time: 00:09:28

Health: -1/70      AC: 13    Str: 23    XL:     5   Next: 2%
Magic:  4/4        EV:  6    Int:  5    God:
Gold:   110        SH:  0    Dex:  9    Spells: 4/4 levels left

rFire   . . .      SeeInvis .   a - +0 war axe
rCold   . . .      Faith    .   c - +0 buckler
rNeg    . . .      Spirit   .   p - +0 plate armour
rPois   .          Reflect  .   (helmet restricted)
rElec   .          Harm     .   b - +0 cloak
rCorr   .          Rampage  .   (no gloves)
Will    .....                   (no boots)
Stlth   ..........              (no amulet)
HPRegen 0.21/turn               (no ring)
MPRegen 0.09/turn               (no ring)

@: confused, mighty, berserking (expiring), lethally poisoned (-1 -> -16),
invisible, very quick
A: horns 2, retaliatory headbutt
a: no special abilities


You were on level 3 of the Dungeon.
You visited 1 branch of the dungeon, and saw 3 of its levels.

You collected 110 gold pieces.

Inventory:

Hand Weapons
 a - a +0 war axe (weapon)
Missiles
 e - 9 boomerangs (quivered)
Armour
 b - a +0 cloak (worn)
 c - a +0 buckler (worn)
 p - a +0 plate armour (worn)
Wands
 q - a wand of paralysis (9)
Scrolls
 g - 5 scrolls of identify {unknown}
 h - 4 scrolls of teleportation {unknown}
 j - 2 scrolls of enchant weapon {unknown}
 l - a scroll of butterflies {unknown}
 m - a scroll of acquirement {unknown}
 o - a scroll of poison {unknown}
Potions
 d - a potion of might
 n - a potion of invisibility


   Skills:
 + Level 4.4 Fighting
 * Level 4.2 Axes
 + Level 4.5 Armour
 + Level 4.5 Shields


You had 4 spell levels left.
You didn't know any spells.
Your spell library contained the following spells:

 Spells                   Type           Power      Damage    Failure   Level
 Gell's Gravitas          Tloc           0%         N/A       100%        3
 Lesser Beckoning         Tloc           0%         N/A       100%        3
 Teleport Other           Tloc           0%         N/A       100%        3


Dungeon Overview and Level Annotations

Branches:
Dungeon (3/15)

Altars:
Zin


Innate Abilities, Weirdness & Mutations

You have a pair of horns on your head.
You reflexively headbutt those who attack you in melee.


Message History

You barely miss the orc.
The orc is almost dead.
You completely miss something.
You feel very sick. Something hits you but does no damage.
You are lethally poisoned!
The orc barely misses you.
You are too berserk!
You barely miss something. Your headbutt misses something.
You barely miss the orc.
* * * LOW HITPOINT WARNING * * *
You feel very sick.
You feel less attractive to monsters.
You barely miss something. You slash the orc!
You kill the orc!
* * * LOW HITPOINT WARNING * * *
You feel very sick. Something hits you but does no damage.
You barely miss something.
* * * LOW HITPOINT WARNING * * *
You feel very sick. Something hits you but does no damage.
You are more poisoned.
* * * LOW HITPOINT WARNING * * *
You feel very sick.
Things that are here:
a +0 flail; an orc corpse You are too berserk!
You bump into the rock wall.
You feel a strong urge to attack something.
* * * LOW HITPOINT WARNING * * *
You feel very sick.
You completely miss something. Your headbutt misses something.
You feel less confused.
* * * LOW HITPOINT WARNING * * *
You feel very sick.
You hear some strange, mumbled words.
You are confused.
You are too berserk!
You die...

....... ....... ...... #
##.....# # ##...... # ...
..# # # #.###.# # #.
#.##).# .#
#.##.)){@##.#... ###
#....))).)..'... +..
#....).)....#... ###
#.....P.P...#
#......P.P....#
#...........### ..
#..PP.......# #'## #
#..P......P.## #..## ##
#..PP........####...####.


There were no monsters in sight!

Vanquished Creatures
  An orc priest (D:3)
  3 adders
  A dart slug (D:1)
  8 orcs (D:3)
  4 bats
  4 endoplasms
  4 giant cockroaches
  9 goblins
  5 hobgoblins
  6 jackals
  A quokka (D:1)
  7 ball pythons
  7 frilled lizards
  6 kobolds
  3 rats
69 creatures vanquished.

Vanquished Creatures (others)
  14 fungi (D:3)
  12 plants
26 creatures vanquished.

Grand Total: 95 creatures vanquished

Notes
Turn   | Place    | Note
-------+----------+-------------------------------------------
     0 | D:1      | leetdood the Minotaur Fighter began the quest for the Orb.
     0 | D:1      | Reached XP level 1. HP: 19/19 MP: 0/0
    70 | D:1      | Found a faded altar of an unknown god.
   130 | D:1      | Reached XP level 2. HP: 27/27 MP: 1/1
   450 | D:1      | Reached XP level 3. HP: 29/33 MP: 2/2
  2111 | D:3      | Reached XP level 4. HP: 40/40 MP: 3/3
  2336 | D:3      | Found a glowing silver altar of Zin.
  2409 | D:3      | Reached XP level 5. HP: 32/47 MP: 4/4
  2417 | D:3      | HP: 1/70 [poisoned by an orc wizard]
  2418 | D:3      | Succumbed to an orc wizard's poison

Illustrated notes

Levels and vault maps discovered:
D:1:      eino_arrival_cavern_c, layout_basic,
          ebering_ecumenical_altar_petrified, minmay_split_cup_large
D:2:      wander_river, layout_basic, serial_bayou_lake_a
D:3:      layout_loops_corners, amcnicky_altar_gilded,
          mainiacjoe_overflow_chevrons, mainiacjoe_overflow_alcove_4,
          grunt_decor_one_mirror

Skill      XL: |  1  2  3  4 |
---------------+-------------+-----
Shields        | 4 |  4.5
Fighting       | 4 |  4.4
Armour         | 4 |  4.5
Axes           | 3 4 |  4.2

Action                   |  1- 3 |  4- 6 || total
-------------------------+-------+-------++-------
Melee: War axe           |   111 |    51 ||   162
       Headbutt          |    11 |     6 ||    17
  Use: Potion            |       |     9 ||     9
 Stab: Invisible         |       |     1 ||     1
Armor: Scale mail        |    40 |       ||    40
       Plate armour      |    29 |    61 ||    90
Dodge: Dodged            |    50 |    17 ||    67
Block: Buckler           |    19 |    16 ||    35
